 Dungeon Crawl Stone Soup version 0.28-a0-906-g0406aca7d3 (webtiles) character file.

Game seed: 16063460927599741591

351 croobank the Sneak (level 6, 0/41 HPs)
             Began as an Octopode Air Elementalist on Nov 23, 2021.
             Slain by an ogre (14 damage)
             ... on level 4 of the Dungeon.
             The game lasted 00:24:27 (5048 turns).

croobank the Sneak (Octopode Air Elementalist)      Turns: 5048, Time: 00:24:27

Health: 0/41       AC:  8    Str:  9    XL:     6   Next: 61%
Magic:  9/10       EV: 13    Int: 18    God:
Gold:   92         SH:  4    Dex: 12    Spells: 5/10 levels left

rFire   . . .      SeeInvis .   t - +0 mace (protect)
rCold   . . .      Faith    .   (no shield)
rNeg    . . .      Spirit   .   (helmet restricted)
rPois   .          Reflect  .   (no amulet)
rElec   .          Harm     .   (no ring)
rCorr   .          Rampage  .   (no ring)
Will    .....                   (no ring)
Stlth   ++++......              (no ring)
HPRegen 0.13/turn               (no ring)
MPRegen 0.12/turn               (no ring)
                                (no ring)
                                (no ring)

@: under a protective aura
A: almost no armour, amphibious, 8 rings, camouflage 1, gelatinous body 1,
(nimble swimmer 1), tentacles, large bone plates 1, deterioration 1, robust 1
a: no special abilities


You were on level 4 of the Dungeon.
You visited 1 branch of the dungeon, and saw 4 of its levels.

You collected 92 gold pieces.

Inventory:

Hand Weapons
 b - a +0 short sword
 d - a +0 rapier
 f - a +0 long sword
 i - a +0 arbalest
 l - a +2 quarterstaff of chaos
 m - a +4 dagger
 p - a +0 dagger of electrocution
 t - a +0 mace of protection (weapon)
Missiles
 e - 138 stones
Magical Staves
 n - a staff of fire
Jewellery
 h - a +6 ring of dexterity
 o - an amulet of regeneration
Scrolls
 a - a scroll of teleportation
 g - a scroll of enchant weapon {unknown}
Potions
 j - a potion of invisibility
 k - a potion of mutation
 q - a potion of magic {unknown}
 r - a potion of attraction {unknown}
 s - a potion of might {unknown}


   Skills:
 + Level 1.0 Fighting
 * Level 3.1 Maces & Flails
 - Level 2.1 Dodging
 + Level 5.1 Stealth
 + Level 2.9 Spellcasting
 + Level 2.7 Conjurations
 + Level 3.8 Air Magic


You had 5 spell levels left.
You knew the following spells:

 Your Spells              Type           Power      Damage    Failure   Level
a - Shock                 Conj/Air       56%        1d6       4%          1
b - Airstrike             Air            8%         N/A       34%         4

Your spell library contained the following spells:

 Spells                   Type           Power      Damage    Failure   Level
 Static Discharge         Conj/Air       14%        N/A       6%          2
 Swiftness                Air            16%        N/A       11%         3


Dungeon Overview and Level Annotations

Branches:
Dungeon (4/15)
 Temple: D:4-7

Altars:
Fedhas


Innate Abilities, Weirdness & Mutations

You cannot wear most types of armour.
You are amphibious.
You can wear up to eight rings at the same time.
Your skin changes colour to match your surroundings (Stealth+).
Your rubbery body absorbs attacks. (AC +1, EV +1)
((You are camouflaged near water. (Stealth+)))
You have tentacles for arms and can constrict up to eight enemies at once.
You are partially covered in large bone plates. (SH +4)
Your body sometimes deteriorates upon taking damage.
You are robust. (+10% HP)


Message History

There is a stone staircase leading up here.
You see here 14 poisoned darts.
As you open the door, it creaks loudly!
You hear a shout!
Found 16 sling bullets.
You open the door.
An ogre comes into view. It is wielding a +0 giant club.
The ogre shouts!
There is an open door here.
Aiming: Shock (safe; 4% risk of failure)
Press: ? - help, Q - select action, (/) - cycle Shift-Dir - straight line The zap hits the ogre.
The ogre is moderately wounded.
The zap hits the ogre.
The ogre is moderately wounded.
Aiming: Shock (safe; 4% risk of failure)
Press: ? - help, Q - select action, (/) - cycle Shift-Dir - straight line The zap hits the ogre.
The ogre is heavily wounded.
The zap hits the ogre.
The ogre is severely wounded.
You hit the ogre.
Your weapon exudes an aura of protection.
The ogre is severely wounded.
You block the ogre's attack.
You hit the ogre but do no damage.
The ogre is severely wounded.
The ogre hits you with a +0 giant club!
You barely miss the ogre. Your squeeze misses the ogre.
The ogre is severely wounded.
The ogre barely misses you.
You hit the ogre. You squeeze the ogre.
The ogre is almost dead.
The ogre closely misses you.
You completely miss the ogre.
The ogre is almost dead.
The ogre hits you with a +0 giant club!
You barely miss the ogre.
The ogre is almost dead.
The ogre hits you with a +0 giant club!
You die...

..# ######
8.# #....##
...#
+.....#.888
#.....#....
##......##..#
#<(...O....#
###'#@######
#(#.# #.#.#
..#+# ...
.... ....


You could see an ogre.

Vanquished Creatures
  2 orc priests (D:3)
  Crazy Yiuf (D:3)
  Jessica (D:3)
  An orc wizard (D:3)
  Robin (D:3)
  9 adders
  A gnoll (D:1)
  A worm (D:3)
  2 dart slugs
  6 orcs (D:3)
  9 bats
  8 endoplasms
  A giant cockroach (D:3)
  10 goblins
  13 hobgoblins
  5 jackals (D:3)
  5 quokkas
  9 ball pythons
  2 frilled lizards
  4 kobolds
  8 rats
99 creatures vanquished.

Notes
Turn   | Place    | Note
-------+----------+-------------------------------------------
     0 | D:1      | croobank the Octopode Air Elementalist began the quest for
                  | the Orb.
     0 | D:1      | Reached XP level 1. HP: 11/11 MP: 3/3
   441 | D:1      | Reached XP level 2. HP: 11/17 MP: 0/5
   865 | D:1      | Found a faded altar of an unknown god.
   879 | D:1      | Reached skill level 3 in Stealth
   900 | D:1      | Reached XP level 3. HP: 21/21 MP: 6/6
  1722 | D:2      | Reached skill level 1 in Maces & Flails
  2304 | D:2      | Reached XP level 4. HP: 27/27 MP: 5/7
  2343 | D:2      | Gained mutation: You are weak. (Str -2) [potion of
                  | mutation]
  2343 | D:2      | Gained mutation: You possess an exceptional clarity of
                  | mind. [potion of mutation]
  2344 | D:2      | Lost mutation: You are weak. (Str -2) [potion of mutation]
  2344 | D:2      | Lost mutation: You possess an exceptional clarity of mind.
                  | [potion of mutation]
  2344 | D:2      | Gained mutation: Your body sometimes deteriorates upon
                  | taking damage. [potion of mutation]
  2344 | D:2      | Gained mutation: You are robust. (+10% HP) [potion of
                  | mutation]
  2344 | D:2      | Gained mutation: You are partially covered in large bone
                  | plates. (SH +4) [potion of mutation]
  2733 | D:2      | Reached skill level 4 in Stealth
  3041 | D:2      | Reached XP level 5. HP: 26/35 MP: 8/8
  3678 | D:3      | Noticed Robin
  3694 | D:3      | Reached XP level 6. HP: 40/40 MP: 1/9
  3782 | D:3      | Killed Robin
  3783 | D:3      | Reached skill level 5 in Stealth
  4011 | D:3      | Learned a level 4 spell: Airstrike
  4140 | D:3      | Noticed Jessica
  4149 | D:3      | Killed Jessica
  4415 | D:3      | Reached skill level 1 in Fighting
  4688 | D:3      | Found a blossoming altar of Fedhas.
  4861 | D:3      | Found a runed translucent door.
  4862 | D:3      | Noticed Crazy Yiuf
  4966 | D:3      | Killed Crazy Yiuf
  5048 | D:4      | Slain by an ogre

Illustrated notes

Levels and vault maps discovered:
D:1:      dpeg_arrival_boxorama, layout_basic, ebering_ecumenical_altar_mist
D:2:      layout_loops_ring, minmay_snake_closets
D:3:      layout_loops_ring, fedhas_ov_isle_minmay, uniq_jessica, uniq_robin,
          uniq_crazy_yiuf_cottage
D:4:      layout_basic, small_statue_alley_b, uniq_grinder

Skill      XL: |  1  2  3  4  5  6 |
---------------+-------------------+-----
Stealth        | 3 4 5 |  5.1
Conjurations   | 2 |  2.7
Maces & Flails | 1 2 3 |  3.1
Fighting       | 1 |  1.0
Dodging        | |  2.1
Spellcasting   | |  2.9
Air Magic      | |  3.8

Action                   |  1- 3 |  4- 6 || total
-------------------------+-------+-------++-------
Melee: Unarmed           |     6 |       ||     6
       Short sword       |     6 |       ||     6
       Tentacles         |    11 |     8 ||    19
       Constrict         |     9 |    19 ||    28
       Mace              |    33 |    78 ||   111
 Cast: Shock             |    29 |    76 ||   105
  Use: Scroll            |     1 |     5 ||     6
       Potion            |       |     4 ||     4
 Stab: Sleeping          |     9 |     9 ||    18
Armor: Skin              |     2 |     2 ||     4
Dodge: Dodged            |    15 |    47 ||    62
Block: Other             |       |    13 ||    13

Table legend: (Time is in decaauts)
 A = Elapsed time spent in this place.
 B = Non-inter-level travel time spent in this place.
 C = Inter-level travel time spent in this place.
 D = Time resting spent in this place.
 E = Time spent auto-exploring this place.
 F = Levels seen in this place.
 G = Mean time per level.
                   A        B        C        D        E       F      G
               +--------+--------+--------+--------+--------+-----+--------+
         Total |   5061 |   4929 |    132 |   1326 |   2947 |   4 | 1265.2 |
       Dungeon |   5061 |   4929 |    132 |   1326 |   2947 |   4 | 1265.2 |
               +--------+--------+--------+--------+--------+-----+--------+

Top non-repeatable levels by time:
     D:2: 1855 daAuts
     D:1: 1674 daAuts
     D:3: 1516 daAuts
     D:4: 15 daAuts
